 Dungeon Crawl Stone Soup version 0.29-a0-322-g68df515428 (webtiles) character file.

Game seed: 6059414276175917329

162 zishaf the Ruffian (level 5, -3/53 HPs)
             Began as a Troll Chaos Knight on Apr 5, 2022.
             Was a Plaything of Xom.
             Killed from afar by Ijyb (6 damage)
             ... with a puff of flame
             ... on level 4 of the Dungeon.
             The game lasted 00:04:52 (2268 turns).

zishaf the Ruffian (Troll Chaos Knight)             Turns: 2268, Time: 00:04:53

Health: -3/53      AC:  6    Str: 22    XL:     5   Next: 19%
Magic:  4/4        EV: 12    Int: 14    God:    Xom [...*..]
Gold:   229        SH:  6    Dex:  9    Spells: 4/4 levels left

rFire   . . .      SeeInvis .   v - +10 falchion of Wichax {vorpal, Int+6}
rCold   . . .      Faith    .   m - +0 kite shield
rNeg    . . .      Spirit   .   a - +2 robe
rPois   .          Reflect  .   (helmet restricted)
rElec   .          Harm     .   (no cloak)
rCorr   .          Rampage  .   (gloves unavailable)
Will    .....                   (boots unavailable)
Stlth   +.........              (no amulet)
HPRegen 0.97/turn               h - +4 ring of evasion
MPRegen 0.09/turn               (no ring)

@: no status effects
A: large, unfitting armour, claws 3, regeneration 1, shaggy fur 1, tough skin 1
a: Renounce Religion


You were on level 4 of the Dungeon.
You worshipped Xom.
You were a favourite toy of Xom.
You visited 1 branch of the dungeon, and saw 4 of its levels.

You collected 229 gold pieces.

Inventory:

Hand Weapons
 v - the +10 falchion of Wichax (weapon) {vorpal, Int+6}
   (You found it on level 3 of the Dungeon)

   It inflicts extra damage upon your enemies.
   Int:       It affects your intelligence (+6).
Missiles
 k - 5 large rocks
Armour
 a - a +2 robe (worn)
 m - a +0 kite shield (worn)
Jewellery
 h - a +4 ring of evasion (left claw)
Scrolls
 f - a scroll of identify
 l - a scroll of vulnerability {unknown}
 n - a scroll of enchant armour {unknown}
 o - a scroll of blinking {unknown}
 s - a scroll of brand weapon {unknown}
Potions
 e - a potion of curing
 p - a potion of lignification
 q - a potion of attraction
 r - a potion of cancellation
 t - a potion of degeneration {unknown}
 u - a potion of might {unknown}
Miscellaneous
 b - a piece from Xom's chessboard (15/15) (quivered)


   Skills:
 * Level 3.6 Fighting
 - Level 1.9 Dodging
 + Level 1.2 Shields
 - Level 4.5 Unarmed Combat


You had 4 spell levels left.
You didn't know any spells.
Your spell library contained the following spells:

 Spells                   Type           Power      Damage    Failure   Level
 Summon Lightning Spire   Summ/Air       0%         N/A       100%        4
 Storm Form               Tmut/Air       0%         N/A       100%        7
 Maxwell's Capacitive Co  Air            0%         ∞         100%        8


Dungeon Overview and Level Annotations

Branches:
Dungeon (4/15)
 Temple: D:4-7

Altars:
Gozag
Trog
Xom

Shops:
D:4 *

Annotations:
D:4 Ijyb


Innate Abilities, Weirdness & Mutations

You are too large for most types of armour.
You have claws for hands.
Your natural rate of healing is unusually fast.
You are covered in fur. (AC +1)
You have tough skin. (AC +1)


Message History

The hobgoblin attacks as you move away! The hobgoblin barely misses you.
You miss Ijyb. Ijyb barely misses you. You block the hobgoblin's attack.
The hobgoblin closely misses you.
Ijyb zaps a wand.
The puff of flame hits you!
* * * LOW HITPOINT WARNING * * *
You hit Ijyb.
Ijyb is moderately wounded.
You block Ijyb's attack. The hobgoblin hits you.
* * * LOW HITPOINT WARNING * * *
You hit Ijyb but do no damage.
Ijyb is moderately wounded.
Ijyb barely misses you. You block the hobgoblin's attack.
Ijyb hits you but does no damage. The hobgoblin barely misses you.
You barely miss Ijyb.
Ijyb is moderately wounded.
Ijyb screams, "It's all mine!"
Ijyb hits you but does no damage.
The hobgoblin hits you but does no damage.
You closely miss Ijyb.
Ijyb is moderately wounded.
Ijyb screams, "Me very upset!"
Ijyb hits you with a +0 club.
* * * LOW HITPOINT WARNING * * *
The hobgoblin hits you.
* * * LOW HITPOINT WARNING * * *
You completely miss Ijyb.
Ijyb is moderately wounded.
Ijyb closely misses you. The hobgoblin hits you.
* * * LOW HITPOINT WARNING * * *
You block the hobgoblin's attack. Ijyb hits you but does no damage.
You closely miss Ijyb.
Ijyb is moderately wounded.
You block Ijyb's attack.
The hobgoblin hits you but does no damage.
You hit Ijyb.
Ijyb is severely wounded.
Ijyb zaps a wand.
The puff of flame hits you!
* * * LOW HITPOINT WARNING * * *
The hobgoblin barely misses you. You block the hobgoblin's attack.
Ijyb zaps a wand.
The puff of flame hits you.
You die...

,,,,,,,,,,** **,* ,,,,,,,,,,,*
*,,* ,,,,,,,,,,** **,**
,,,,,,,,,.,* ##### *,,*
,,,,,,,,,..*##.#.## **,**
,,,,,,,,,...#.....#####*****,,*
,,*,,,,,,.............,,,,,,,**
*****,,,,......g...#**********
* *,,,,,,,,,#.@.#* *####
*****,,*,,,...#.g.####...##
,*,*,,,*,,..........#.....#
,*,,,,,*,,.....###......#####
,,,,,*,,,...........##....#.#**
,,,,**,,,.....!.........#....,*
,,,,,,,,,.................#,***
,,*,,,,,,.................#**
,,*,,,,,,,,,.............##


You could see Ijyb and a hobgoblin.

Vanquished Creatures
  An orc priest (D:4)
  An iguana (D:4)
  A gnoll (D:1)
  2 adders (D:3)
  A worm (D:2)
  3 dart slugs
  3 orcs (D:4)
  8 bats
  7 endoplasms
  3 giant cockroaches (D:1)
  4 goblins
  3 hobgoblins
  4 jackals
  3 quokkas
  4 ball pythons
  5 frilled lizards
  6 kobolds
  5 rats
64 creatures vanquished.

Vanquished Creatures (collateral kills)
  A goblin (D:4)
  A jackal (D:4)
2 creatures vanquished.

Vanquished Creatures (others)
  3 plants (D:1)
3 creatures vanquished.

Grand Total: 69 creatures vanquished

Notes
Turn   | Place    | Note
-------+----------+-------------------------------------------
     0 | D:1      | zishaf the Troll Chaos Knight began the quest for the Orb.
     0 | D:1      | Reached XP level 1. HP: 22/22 MP: 0/0
    40 | D:1      | Reached XP level 2. HP: 26/29 MP: 1/1
   231 | D:1      | XOM: noise
   269 | D:1      | Found a faded altar of an unknown god.
   294 | D:1      | XOM: silly message
   296 | D:1      | Reached XP level 3. HP: 32/36 MP: 2/2
   420 | D:1      | Reached skill level 4 in Unarmed Combat
   883 | D:2      | XOM: 8-stop teleportation journey
  1360 | D:2      | XOM: god gift: 33 gold pieces
  1463 | D:2      | XOM: silly message
  1571 | D:3      | Found an opulent altar of Gozag.
  1661 | D:3      | Reached XP level 4. HP: 45/45 MP: 3/3
  1726 | D:3      | XOM: noise
  1854 | D:3      | Found a bloodstained altar of Trog.
  1854 | D:3      | Found a shimmering altar of Xom.
  1938 | D:3      | XOM: scenery: summon butterflies
  1965 | D:3      | Identified the +10 falchion of Wichax {vorpal, Int+6}
  2062 | D:3      | XOM: give mutation
  2129 | D:3      | XOM is BORED!
  2203 | D:4      | Found Qeyruj's Assorted Antiques.
  2220 | D:4      | XOM: butterfly on damage
  2230 | D:4      | Reached skill level 1 in Shields
  2235 | D:4      | Reached XP level 5. HP: 19/53 MP: 4/4
  2256 | D:4      | Noticed Ijyb
  2268 | D:4      | Killed from afar by Ijyb

Illustrated notes

Levels and vault maps discovered:
D:1:      minmay_arrival_diagonal_passages, layout_rooms,
          shapermc_ecumenical_altar_flowoftime, nrook_mini_vaults
D:2:      layout_basic, serial_forest, infiniplex_forest_corner_1,
          infiniplex_forest_pool, infiniplex_forest_fountain,
          infiniplex_forest_clump_diagonal, infiniplex_forest_clump_double,
          infiniplex_forest_clump_medium, infiniplex_forest_lined_1,
          infiniplex_forest_end_double, infiniplex_forest_straight_2,
          infiniplex_forest_clump_long, nrook_uturn, minmay_surrounded
D:3:      layout_rooms, grunt_gozag_breadcrumbs, gammafunk_temple_overflow_pools
D:4:      layout_cave_pools, serial_shops, nicolae_shop_hallway_stairs,
          cheibrodos_sewer_entry_bend, uniq_ijyb

Skill      XL: |  1  2  3  4 |
---------------+-------------+-----
Unarmed Combat | 4 |  4.5
Fighting       | 3 |  3.6
Shields        | 1 |  1.2
Dodging        | |  1.9

Action                   |  1- 3 |  4- 6 || total
-------------------------+-------+-------++-------
Melee: Unarmed           |   136 |    21 ||   157
       Punch             |     2 |       ||     2
       Falchion          |       |    26 ||    26
  Use: Scroll            |       |     9 ||     9
Armor: Robe              |    56 |    20 ||    76
Dodge: Dodged            |    67 |    48 ||   115
Block: Kite shield       |    10 |    23 ||    33

Table legend: (Time is in decaauts)
 A = Elapsed time spent in this place.
 B = Non-inter-level travel time spent in this place.
 C = Inter-level travel time spent in this place.
 D = Time resting spent in this place.
 E = Time spent auto-exploring this place.
 F = Levels seen in this place.
 G = Mean time per level.
                   A        B        C        D        E       F      G
               +--------+--------+--------+--------+--------+-----+--------+
         Total |   2272 |   2120 |    152 |      0 |   1659 |   4 |  568.0 |
       Dungeon |   2272 |   2120 |    152 |      0 |   1659 |   4 |  568.0 |
               +--------+--------+--------+--------+--------+-----+--------+

Top non-repeatable levels by time:
     D:2: 928 daAuts
     D:3: 708 daAuts
     D:1: 561 daAuts
     D:4: 74 daAuts
